 Dungeon Crawl Stone Soup version 0.30-a0-728-gc68057be0a (webtiles) character file.

Game seed: 8110194557623346054

696 testman the Slasher (level 7, -2/53 HPs)
             Began as a Djinni Gladiator on Jan 30, 2023.
             Was a Priest of Lugonu.
             Slain by an ogre
             ... wielding a +0 giant spiked club
              (22 damage)
             ... on level 4 of the Dungeon.
             The game lasted 00:09:40 (3565 turns).

testman the Slasher (Djinni Gladiator)              Turns: 3565, Time: 00:09:40

Health: -2/53      AC:  5    Str: 13    XL:     7   Next: 97%
Gold:   138        EV: 12    Int: 12    God:    Lugonu [***...] SH:  0 Dex: 14

rFire   + + .      SeeInvis .    a - +0 long sword
rCold   x . .      Faith    .    (no shield)
rNeg    . . .      Spirit   .    b - +0 leather armour
rPois   ∞          Reflect  .    c - +0 helmet
rElec   .          Harm     .    y - scarf {repulsion}
rCorr   .          Rampage  .    j - +0 pair of gloves
Will    .....                    (boots unavailable)
Stlth   +                        p - amulet of the acrobat
HPRegen 0.28/turn                (no ring)
MPRegen 0.00/turn                (no ring)

@: flying, very slightly contaminated, repel missiles
A: sickness immunity, fire resistance 2, cold vulnerability 1, float, innate
caster, HP casting, extra vitality 1
a: Renounce Religion, Depart the Abyss, Banish


You were on level 4 of the Dungeon.
You worshipped Lugonu.
Lugonu was most pleased with you.
You visited 1 branch of the dungeon, and saw 5 of its levels.

You collected 138 gold pieces.

Inventory:

Hand Weapons
 a - a +0 long sword (weapon)
 r - a +0 dagger of electrocution
 t - the +7 short sword "Bapnoaz" {pain, SInv}
   (You found it on level 4 of the Dungeon)

   SInv:      It lets you see invisible.
Missiles
 d - 2 throwing nets (quivered)
 e - a javelin
 v - 4 poisoned darts
Armour
 b - a +0 leather armour (worn)
 c - a +0 helmet (worn)
 j - a +0 pair of gloves (worn)
 m - a +0 cloak
 y - a scarf of repulsion (worn)
Jewellery
 p - an amulet of the acrobat (around neck)
Wands
 u - a wand of digging (7)
Scrolls
 h - 2 scrolls of amnesia {unknown}
 k - 2 scrolls of enchant weapon {unknown}
 q - 2 scrolls of identify {unknown}
 w - a scroll of teleportation {unknown}
 x - a scroll of poison {unknown}
Potions
 f - a potion of haste {unknown}
 g - a potion of attraction {unknown}
 i - a potion of curing
 l - a potion of berserk rage {unknown}
 n - a potion of mutation {unknown}
 o - 2 potions of might {unknown}
 s - 2 potions of flight {unknown}


   Skills:
 + Level 4.4 Fighting
 + Level 4.5 Long Blades
 - Level 1.5 Throwing
 - Level 3.7 Dodging
 + Level 2.8 Spellcasting
 + Level 3.3 Invocations


You had 5 spell levels left.
You knew the following spells:

 Your Spells              Type           Power      Damage    Failure   Level
a - Apportation           Tloc           16%        N/A       10%         1
b - Scorch                Fire           16%        2d5       16%         2
c - Teleport Other        Tloc           8%         N/A       30%         3
Your spell library was empty.

Dungeon Overview and Level Annotations

Branches:
Dungeon (5/15)
 Temple: D:4-7

Altars:
Ru
Xom
Lugonu

Annotations:
Abyss:1 Eustachio


Innate Abilities, Weirdness & Mutations

You are immune to sickness and miasma.
You are immune to poison.
Your flesh is very heat resistant. (rF++)
You are vulnerable to cold. (rC-)
You float through the air rather than walking.
You learn spells naturally, not from books.
Your magical power is your life essence.
You have superior vitality. (+4 MHP)


Message History

You start resting.
HP restored.
Casting: Scorch (safe; 16% risk of failure)
Confirm with . or Enter, or press ? or * to list all spells.
Okay, then.
You fly downwards.
The orc barely misses you.
There is a stone staircase leading up here.
You barely miss the orc. The orc hits you with a +0 dagger.
The ogre barely misses you.
You hit the orc but do no damage. The orc barely misses you.
A gnoll comes into view. It is wielding a +0 rapier.
The ogre hits you with a +0 giant spiked club!
You hit the orc but do no damage. The orc barely misses you.
The ogre completely misses you. The orc hits you with a +0 dagger.
You barely miss the orc. The orc misses you.
You closely miss the orc. Your punch misses the orc.
The ogre closely misses you. The orc closely misses you.
You hit the orc but do no damage. The orc hits you with a +0 dagger.
The ogre hits you with a +0 giant spiked club.
The orc barely misses you.
You fly upwards.
There is a stone staircase leading down here.
The orc attacks as you move away! The orc barely misses you.
The ogre attacks as you move away! The ogre misses you.
The orc attacks as you move away! The orc hits you with a +0 dagger.
Casting: Scorch (safe; 16% risk of failure)
Confirm with . or Enter, or press ? or * to list all spells.
You miscast Scorch.
You are very lightly contaminated with residual magic.
Nothing appears to happen.
The ogre barely misses you.
Casting: Scorch (safe; 16% risk of failure)
Confirm with . or Enter, or press ? or * to list all spells.
You miscast Scorch.
Nothing appears to happen.
Casting: Scorch (safe; 16% risk of failure)
Confirm with . or Enter, or press ? or * to list all spells.
Flames lash the orc.
The orc is almost dead.
The orc's fire resistance burns away.
The ogre hits you with a +0 giant spiked club!!
You die...

#...#.#....#.....#.#.#.#
#...#.#..........#..<#..
#..##.##..##.....###.###
#..#...#..##.....###....
#..#._.#..##............
#..#...#.###............
#..##.##.# #............
#...#.#..###............
#...#.#@#...............
#...#.#O#....###........
##(.#'#o#......+........
##.....#.....##........
##...##.....##........
#.†>................(
#.)[.........#+##+###
#####)##...............
#..............####...#


You could see an ogre and an orc (combustible).

Vanquished Creatures
  An ice beast (D:4)
  A black bear (D:4)
  A scorpion (D:4)
  2 hounds
  A gnoll bouda (D:5)
  2 iguanas
  An orc wizard (D:3)
  An adder (D:3)
  3 gnolls (D:5)
  3 ufetubi (D:5)
  4 worms
  3 dart slugs
  9 orcs
  5 bats
  6 endoplasms
  A giant cockroach (D:3)
  4 goblins
  6 hobgoblins
  11 kobolds
  4 quokkas
  6 ball pythons
  3 frilled lizards
  5 rats
83 creatures vanquished.

Vanquished Creatures (others)
  A plant (D:3)
1 creature vanquished.

Grand Total: 84 creatures vanquished

Notes
Turn   | Place    | Note
-------+----------+-------------------------------------------
     0 | D:1      | testman the Djinni Gladiator began the quest for the Orb.
     0 | D:1      | Reached XP level 1. HP: 18/18 MP: 0/0
   235 | D:1      | Found a faded altar of an unknown god.
   265 | D:1      | Prayed at the altar of an unknown god.
   265 | D:1      | Became a worshipper of Lugonu the Unformed
   265 | D:1      | Reached * piety under Lugonu
   316 | D:1      | Reached XP level 2. HP: 23/23 MP: 0/0
   910 | D:2      | Reached XP level 3. HP: 29/29 MP: 0/0
   910 | D:2      | Learned a level 1 spell: Apportation
  1154 | D:2      | Reached ** piety under Lugonu
  1293 | D:2      | Reached skill level 1 in Spellcasting
  1370 | D:2      | Reached XP level 4. HP: 34/34 MP: 0/0
  1905 | D:3      | Reached XP level 5. HP: 30/40 MP: 0/0
  1905 | D:3      | Learned a level 2 spell: Scorch
  2123 | D:4      | Noticed a black bear
  2152 | D:4      | Killed a black bear
  2153 | D:4      | Reached skill level 1 in Invocations
  2153 | D:4      | Reached XP level 6. HP: 46/46 MP: 0/0
  2185 | D:4      | Identified the +7 short sword "Bapnoaz" {pain, SInv}
  2422 | D:4      | Found a sacrificial altar of Ru.
  2506 | D:4      | Noticed Eustachio
  2507 | D:4      | Banished Eustachio
  2508 | D:4      | Reached XP level 7. HP: 47/51 MP: 0/0
  2508 | D:4      | Learned a level 3 spell: Teleport Other
  2973 | D:4      | Found a shimmering altar of Xom.
  3157 | D:5      | Entered Level 5 of the Dungeon
  3171 | D:5      | HP: 2/52 [iguana (9)]
  3352 | D:4      | Reached *** piety under Lugonu
  3565 | D:4      | Slain by an ogre

Illustrated notes

Levels and vault maps discovered:
D:1:      giann_bridges, layout_basic, ebering_ecumenical_altar_abandoned
D:2:      layout_basic, serial_curves, eino_curves_01, eino_curves_01
D:3:      layout_rooms, serial_bayou_lake_a
D:4:      layout_basic, hangedman_ru_absence,
          mainiacjoe_overflow_surrounded_room, hangedman_decor_lopped,
          solitary_fountain, minivault_25, uniq_eustachio
D:5:      layout_basic, mainiacjoe_overflow_brackets, serial_curves,
          eino_curves_01, eino_curves_04, uniq_duvessa

Skill      XL: |  1  2  3  4  5  6  7 |
---------------+----------------------+-----
Long Blades    | 3 4 |  4.5
Spellcasting   | 1 2 |  2.8
Fighting       | 3 4 |  4.4
Invocations    | 1 2 3 |  3.3
Throwing       | |  1.5
Dodging        | |  3.7

Action                     |  1- 3 |  4- 6 |  7- 9 || total
---------------------------+-------+-------+-------++-------
  Melee: Long sword        |   106 |    96 |    73 ||   275
         Punch             |       |       |     2 ||     2
  Throw: Throwing net      |       |     1 |       ||     1
   Cast: Scorch            |       |       |    16 ||    16
 Invoke: Banish            |       |     1 |       ||     1
    Use: Potion            |       |       |     1 ||     1
   Stab: Sleeping          |       |     1 |       ||     1
 Armour: Leather armour    |    36 |    38 |    24 ||    98
  Dodge: Dodged            |    61 |    70 |    77 ||   208

Table legend: (Time is in decaauts)
 A = Elapsed time spent in this place.
 B = Non-inter-level travel time spent in this place.
 C = Inter-level travel time spent in this place.
 D = Time resting spent in this place.
 E = Time spent auto-exploring this place.
 F = Levels seen in this place.
 G = Mean time per level.
                   A        B        C        D        E       F      G
               +--------+--------+--------+--------+--------+-----+--------+
         Total |   3629 |   3523 |    106 |    314 |   2494 |   5 |  725.8 |
       Dungeon |   3629 |   3523 |    106 |    314 |   2494 |   5 |  725.8 |
               +--------+--------+--------+--------+--------+-----+--------+

Top non-repeatable levels by time:
     D:4: 1481 daAuts
     D:1: 891 daAuts
     D:2: 688 daAuts
     D:3: 483 daAuts
     D:5: 85 daAuts
